 Dungeon Crawl Stone Soup version 0.20.1-1-g8b1a95d (webtiles) character file.

259 digijack the Poker (level 5, -1/47 HPs)
             Began as a Minotaur Wanderer on Dec 8, 2017.
             Slain by a gnoll
             ... wielding a +0 spear
              (7 damage)
             ... on level 3 of the Dungeon.
             The game lasted 00:15:34 (2816 turns).

digijack the Poker (Minotaur Wanderer)              Turns: 2816, Time: 00:15:35

Health: -1/47      AC:  2    Str: 17    XL:     5   Next: 94%
Magic:  4/4        EV: 13    Int:  7    God:
Gold:   196        SH:  0    Dex: 12    Spells: 4/4 levels left

rFire    . . .     SeeInvis .   a - +3 spear
rCold    . . .     Gourm    .   (no shield)
rNeg     . . .     Faith    .   c - +0 robe
rPois    .         Spirit   .   (helmet restricted)
rElec    .         Reflect  .   (no cloak)
rCorr    .         Harm     .   (no gloves)
MR       .....                  (no boots)
Stlth    ++........             (no amulet)
Regen    0.2/turn               (no ring)
MPRegen  0.1/turn               (no ring)

@: no status effects
A: retaliatory headbutt, horns 2
a: no special abilities


You were on level 3 of the Dungeon.
You were not hungry.

You visited 1 branch of the dungeon, and saw 3 of its levels.

You collected 196 gold pieces.

Inventory:

Hand Weapons
 a - a +3 spear (weapon)
Armour
 c - a +0 robe (worn)
Scrolls
 e - 2 scrolls of identify
 j - a scroll of remove curse
Potions
 b - 3 potions of curing
Comestibles
 d - 21 chunks of flesh
 f - a bread ration
 g - a meat ration
 h - 2 royal jellies
 i - 3 fruits


   Skills:
 + Level 4.3 Fighting
 + Level 4.5 Polearms
 - Level 1.0 Throwing
 + Level 3.8 Dodging
 + Level 3.4 Stealth


You had 4 spell levels left.
You didn't know any spells.

Dungeon Overview and Level Annotations

Branches:
Dungeon (3/15)

Altars:


Innate Abilities, Weirdness & Mutations

You reflexively headbutt those who attack you in melee.
You have a pair of horns on your head.


Message History

Press: ? - help, Dir - move target cursor, f/p - gnoll
Aim: a gnoll, wielding a spear (severely wounded)
You reach to attack!
You hit the gnoll.
The gnoll is almost dead.
The gnoll hits you from afar with a spear.
* * * LOW HITPOINT WARNING * * *
The gnoll hits you from afar with a spear.
* * * LOW HITPOINT WARNING * * *
Attack whom?
Press: ? - help, Dir - move target cursor, f/p - gnoll
Aim: a gnoll, wielding a spear (almost dead)
You reach to attack!
You puncture the gnoll!
You kill the gnoll!
Attack whom?
Press: ? - help, Dir - move target cursor, f - gnoll
Aim: a gnoll, wielding a spear You reach to attack!
You hit the gnoll.
The gnoll is lightly wounded.
The gnoll hits you from afar with a spear!
You die...

# # # # ######## # .'....+ #
#)...# # #.)g.# #+
.#############''''#############.
gg#.............@..............#g
###≈≈≈≈≈≈≈≈≈≈≈≈....≈≈≈≈≈≈≈≈≈≈≈≈##
≈≈≈≈≈≈≈≈≈≈≈≈≈≈≈....≈≈≈≈≈≈≈≈≈≈≈≈≈≈
≈≈≈≈≈≈≈≈≈≈≈≈≈≈≈....≈≈≈≈≈≈≈≈≈≈≈≈≈≈
........)).......................
.........................>)......
..##.###########...#...........##
..#......#.....................#
..#............................#


You could see a gnoll.

Vanquished Creatures
  An orc wizard (D:3)
  Jessica (D:3)
  Terence (D:2)
  5 gnolls (D:3)
  3 adders (D:2)
  An ooze (D:2)
  4 worms (D:2)
  2 dart slugs (D:1)
  A leopard gecko (D:2)
  3 orcs (D:3)
  A giant cockroach (D:1)
  9 goblins
  11 hobgoblins
  14 jackals (D:3)
  6 kobolds
  8 bats
  3 frilled lizards
  7 rats
81 creatures vanquished.

Notes
Turn   | Place    | Note
-------+----------+-------------------------------------------
     0 | D:1      | digijack the Minotaur Wanderer began the quest for the Orb.
     0 | D:1      | digijack set off with: a +2 spear, 2 potions of curing, a +0 robe, a +0 dagger, a bread ration
     0 | D:1      | Reached XP level 1. HP: 18/18 MP: 0/0
   243 | D:1      | Reached XP level 2. HP: 25/25 MP: 1/1
  1141 | D:2      | Reached XP level 3. HP: 30/30 MP: 2/2
  1459 | D:2      | Noticed Terence
  1475 | D:2      | Killed Terence
  1475 | D:2      | Reached XP level 4. HP: 38/38 MP: 3/3
  2167 | D:3      | Noticed Jessica
  2168 | D:3      | Killed Jessica
  2168 | D:3      | Reached XP level 5. HP: 23/46 MP: 4/4
  2174 | D:3      | HP: 1/46 [orc wizard/dagger (3)]
  2816 | D:3      | Slain by a gnoll

Skill      XL: |  1  2  3  4  5 |
---------------+----------------+-----
Polearms       | 3 4 |  4.5
Fighting       | 3 4 |  4.3
Dodging        | 3 |  3.8
Stealth        | 3 |  3.4
Throwing       | |  1.0

Action                   |  1- 3 |  4- 6 || total
-------------------------+-------+-------++-------
Melee: Spear             |    72 |   123 ||   195
       Headbutt          |     1 |    11 ||    12
  Use: Scroll            |     4 |     2 ||     6
       Potion            |     3 |     2 ||     5
 Stab: Sleeping          |     7 |     3 ||    10
       Invisible         |     5 |       ||     5
  Eat: Bread ration      |     1 |       ||     1
       Chunk             |       |     2 ||     2
Armor: Robe              |     4 |    12 ||    16
Dodge: Dodged            |    19 |    56 ||    75
